 Dungeon Crawl Stone Soup version 0.20.1-1-g8b1a95d (console) character file.

375 hilaritas the Shield-Bearer (level 6, -16/39 HPs)
             Began as a Gargoyle Fighter on Nov 18, 2017.
             Was an Initiate of the Shining One.
             Demolished by an ogre
             ... wielding a +0 giant spiked club
              (23 damage)
             ... on level 4 of the Dungeon.
             The game lasted 00:05:21 (2986 turns).

hilaritas the Shield-Bearer (Gargoyle Fighter)      Turns: 2986, Time: 00:05:21

Health: -16/39     AC: 16    Str: 22    XL:     6   Next: 72%
Magic:  6/6        EV:  5    Int:  8    God:    the Shining One [......]
Gold:   135        SH: 10    Dex:  9    Spells: 5/5 levels left

rFire    . . .     SeeInvis .   a - +0 flail
rCold    . . .     Gourm    .   c - +0 shield
rNeg     + . .     Faith    .   w - +0 chain mail
rPois    ∞         Spirit   .   v - +2 hat
rElec    +         Reflect  .   (no cloak)
rCorr    .         Harm     .   (no gloves)
MR       .....                  A - +0 pair of boots
Stlth    ..........             (no amulet)
Regen    0.2/turn               (no ring)
MPRegen  0.1/turn               (no ring)

@: glowing
A: negative energy resistance 1, electricity resistance, unbreathing,
petrification resistance, rot immunity, AC +4
a: Renounce Religion


You were on level 4 of the Dungeon.
You worshipped the Shining One.
The Shining One was noncommittal.
You were not hungry.

You visited 1 branch of the dungeon, and saw 4 of its levels.

You collected 135 gold pieces.

Inventory:

Hand Weapons
 a - a +0 flail (weapon)
Armour
 c - a +0 shield (worn)
 v - a +2 hat (worn)
 w - a +0 chain mail (worn)
 A - a +0 pair of boots (worn)
Jewellery
 g - an uncursed amulet of faith {unknown}
 q - an uncursed amulet of guardian spirit {unknown}
 u - an uncursed amulet of magic regeneration {unknown}
Scrolls
 b - a scroll of noise {unknown}
 e - a scroll of fear {unknown}
 i - a scroll of amnesia {unknown}
 l - a scroll of enchant armour {unknown}
 t - 2 scrolls of identify {unknown}
 y - a scroll of recharging {unknown}
Potions
 d - 2 potions of curing {unknown}
 h - a potion of flight {unknown}
 k - a potion of haste {unknown}
 n - 2 potions of brilliance {unknown}
 s - a potion of ambrosia {unknown}
 x - a potion of agility {unknown}
 z - a potion of degeneration {unknown}
Books
 m - a book of Maledictions

   Spells                             Type                      Level
   a - Corona                         Hexes                        1
   b - Ensorcelled Hibernation        Hexes/Ice                    2
   c - Confuse                        Hexes                        3
   d - Tukima's Dance                 Hexes                        3
   e - Dazzling Spray                 Conjuration/Hexes            3
Comestibles
 f - 4 bread rations
 j - a royal jelly
 o - 3 fruits
 p - a meat ration
 r - 2 chunks of flesh


   Skills:
 + Level 4.3 Fighting
 * Level 5.1 Maces & Flails
 - Level 3.2 Armour
 + Level 5.2 Shields
 * Level 0.9 Invocations


You had 5 spell levels left.
You didn't know any spells.

Dungeon Overview and Level Annotations

Branches:
Dungeon (4/15)
 Temple: D:4-7

Altars:
Vehumet
The Shining One


Innate Abilities, Weirdness & Mutations

You are resistant to torment.
Your stone body is resilient. (AC +4)
You are immune to poison.
You resist negative energy. (rN+)
You are resistant to electric shocks. (rElec)
You can survive without breathing.
You are immune to petrification.
You are immune to rotting.


Message History

You climb downwards.
There is a stone staircase leading up here.
An ogre comes into view. It is wielding a giant spiked club.
The ogre shouts!
You hit the ogre.
The ogre is lightly wounded.
The ogre hits you with a giant spiked club!
You hit the ogre.
The ogre is lightly wounded.
The ogre hits you with a giant spiked club!!
Ouch! That really hurt!
* * * LOW HITPOINT WARNING * * *
You hit the ogre but do no damage.
The ogre is lightly wounded.
The ogre hits you but does no damage.
You hit the ogre but do no damage.
The ogre is lightly wounded.
The ogre hits you with a giant spiked club!!
Ouch! That really hurt!
You die...

....# ....
..# . ... ..
#.###..####
..
........###.
#....#.#..
####....#.#.#
.......<#.#O#
######....@.#
......##.###
###### #.#
... ###.. ...
###. ##


You could see an ogre.

Vanquished Creatures
  Sigmund (D:2)
  An orc priest (D:3)
  Jessica (D:2)
  Terence (D:3)
  3 adders
  3 oozes (D:3)
  2 worms (D:2)
  A dart slug (D:2)
  2 leopard geckos
  5 orcs (D:3)
  3 ball pythons
  7 bats
  3 giant cockroaches
  10 goblins
  9 hobgoblins
  7 jackals
  6 frilled lizards
  7 kobolds
  8 rats
80 creatures vanquished.

Notes
Turn   | Place    | Note
-------+----------+-------------------------------------------
     0 | D:1      | hilaritas the Gargoyle Fighter began the quest for the Orb.
     0 | D:1      | Reached XP level 1. HP: 14/14 MP: 1/1
   275 | D:1      | Reached XP level 2. HP: 16/19 MP: 2/2
   925 | D:2      | Noticed Jessica
   927 | D:2      | Noticed Sigmund
   941 | D:2      | Killed Sigmund
   941 | D:2      | Reached XP level 3. HP: 16/24 MP: 3/3
   941 | D:2      | Reached XP level 4. HP: 20/29 MP: 4/4
   941 | D:2      | Reached XP level 5. HP: 22/33 MP: 5/5
   943 | D:2      | Killed Jessica
  1398 | D:2      | Reached skill level 5 in Shields
  1398 | D:2      | Reached XP level 6. HP: 38/38 MP: 6/6
  1863 | D:2      | Found a glowing golden altar of the Shining One.
  1869 | D:2      | Became a worshipper of the Shining One
  2090 | D:3      | Noticed Terence
  2098 | D:3      | Killed Terence
  2585 | D:3      | Reached skill level 5 in Maces & Flails
  2729 | D:3      | Found a radiant altar of Vehumet.
  2986 | D:4      | Demolished by an ogre

Skill      XL: |  1  2  3  4  5  6 |
---------------+-------------------+-----
Fighting       | 4 |  4.3
Maces & Flails | 4 5 |  5.1
Shields        | 4 5 |  5.2
Armour         | |  3.2
Invocations    | |  0.9

Action                   |  1- 3 |  4- 6 || total
-------------------------+-------+-------++-------
Melee: Flail             |    77 |   256 ||   333
  Use: Potion            |     1 |       ||     1
  Eat: Chunk             |       |     7 ||     7
Armor: Scale mail        |    37 |    69 ||   106
       Chain mail        |       |    53 ||    53
Dodge: Dodged            |    34 |    61 ||    95
Block: Shield            |    40 |   140 ||   180
